 Dungeon Crawl Stone Soup version 0.18.1-8-gdd0e5ea (webtiles) character file.

218 Lul the Skirmisher (level 5, -3/42 HPs)
             Began as a Demonspawn Abyssal Knight on June 8, 2016.
             Was a Priest of Lugonu.
             Slain by a sky beast (6 damage)
             ... on level 4 of the Dungeon.
             The game lasted 00:11:33 (3369 turns).

Lul the Skirmisher (Demonspawn Abyssal Knight)      Turns: 3369, Time: 00:11:33

Health: -3/42      AC:  5    Str: 13    XL:     5   Next: 63%
Magic:  0/7        EV: 11    Int: 13    God:    Lugonu [***...]
Gold:   150        SH:  0    Dex: 13    Spells: 0 memorised, 4 levels left

rFire  . . .     SeeInvis .     a - +1 spear
rCold  . . .     Gourm    .     b - +0 leather armour
rNeg   . . .     Faith    .     (no shield)
rPois  .         Spirit   +     (helmet restricted)
rElec  .         Dismiss  .     (no cloak)
rCorr  .         Reflect  .     (no gloves)
SustAt .         Harm     .     (no boots)
MR     .....                    (no amulet)
Stlth  +.........               (no ring)
                                (no ring)

@: heavily drained, not resistant to hostile enchantments, very unstealthy
A: horns 1, yellow scales 1, magic shield
a: Depart the Abyss, Bend Space, Banish, Renounce Religion


You were on level 4 of the Dungeon.
You worshipped Lugonu.
Lugonu was most pleased with you.
You were not hungry.

You visited 1 branch of the dungeon, and saw 4 of its levels.
You visited the Abyss 1 time.

You collected 150 gold pieces.

Inventory:

Hand Weapons
 a - a +1 spear (weapon)
 f - a +0 spear
Armour
 b - a +0 leather armour (worn)
Scrolls
 i - 2 scrolls of identify
 k - a scroll of teleportation
 m - a scroll of remove curse {unknown}
 o - a scroll of enchant armour {unknown}
Potions
 e - 2 potions of agility
 h - 4 potions of curing
 j - a potion of resistance {unknown}
 l - 4 potions of brilliance {unknown}
 n - 2 potions of beneficial mutation {unknown}
Comestibles
 c - 3 bread rations
 d - a slice of pizza
 g - 4 meat rations


   Skills:
 + Level 4.2(3.0) Fighting
 + Level 2.8(1.6) Polearms
 + Level 2.4(1.3) Armour
 + Level 2.4(1.3) Dodging
 + Level 1.4(0.2) Stealth
 + Level 2.8(1.7) Invocations


You had 4 spell levels left.
You didn't know any spells.

Dungeon Overview and Level Annotations

Branches:
Dungeon (4/15)
 Temple: D:4-7

Altars:
Ashenzari
Dithmenos
Makhleb
Vehumet
Xom

Annotations:
D:3 1 runed door


Innate Abilities, Weirdness & Mutations

You have a pair of small horns on your head.
You are partially covered in yellow scales (AC +2).
When hurt, damage is shared between your health and your magic reserves.


Message History

The sky beast barely misses you.
You hit the sky beast.
The sky beast is moderately wounded.
The sky beast flickers out of sight!
Deactivating autopickup; reactivate with Ctrl-A.
Something hits you. Something shocks you.
* * * LOW HITPOINT WARNING * * *
You are too injured to fight recklessly!
You are too injured to fight recklessly!
You are too injured to fight recklessly!
You are too injured to fight recklessly!
You are too injured to fight recklessly!
You miss something. Something hits you.
* * * LOW HITPOINT WARNING * * *
Something shocks you.
* * * LOW HITPOINT WARNING * * *
You hit something. Your headbutt misses something. Something hits you.
* * * LOW HITPOINT WARNING * * *
Something shocks you.
You die...

#.# #.........
#.###.#####...
#.##......#....#
#.....#...# ...#
#..####....#.#.#
###..#⌠.##+##.⌠
#.......... .
#!#.##..?..
#.#@..#....
#.+{..+..._
#.....# .:.
#.#.### .. #....
###.. ##. ..


There were no monsters in sight!

Vanquished Creatures
  A human zombie (D:3)
  An orc wizard (D:3)
  6 adders
  2 oozes
  A worm (D:3)
  4 dart slugs
  A giant gecko (D:3)
  7 orcs (D:3)
  8 bats
  6 giant cockroaches
  5 goblins
  4 hobgoblins
  12 jackals
  9 kobolds
  5 giant newts
  2 jackal zombies (D:3)
  A kobold skeleton (D:3)
  8 rats
83 creatures vanquished.

Notes
Turn   | Place    | Note
--------------------------------------------------------------
     0 | Abyss:1  | Lul the Demonspawn Abyssal Knight began the quest for the Orb.
     0 | Abyss:1  | Reached XP level 1. HP: 18/18 MP: 2/2
    37 | Abyss:1  | Noticed a small abomination
    43 | Abyss:1  | Noticed a sixfirhy
    44 | D:1      | Escaped the Abyss
    68 | D:1      | Reached * piety under Lugonu
   162 | D:1      | Gained mutation: You are partially covered in yellow scales (AC +2). [demonic ancestry]
   162 | D:1      | Reached XP level 2. HP: 3/24 MP: 3/3
  1043 | D:2      | Gained mutation: You have a pair of small horns on your head. [demonic ancestry]
  1043 | D:2      | Reached XP level 3. HP: 27/29 MP: 5/5
  1170 | D:2      | Reached ** piety under Lugonu
  1219 | D:2      | Reached skill level 1 in Dodging
  1432 | D:2      | Reached XP level 4. HP: 13/37 MP: 6/6
  1848 | D:2      | Reached skill level 4 in Fighting
  2244 | D:3      | Found a shimmering altar of Xom.
  2260 | D:3      | Gained mutation: When hurt, damage is shared between your health and your magic reserves. [demonic ancestry]
  2260 | D:3      | Reached XP level 5. HP: 19/42 MP: 7/7
  2422 | D:3      | Found a shadowy altar of Dithmenos.
  2436 | D:3      | Found a radiant altar of Vehumet.
  2439 | D:3      | Found a burning altar of Makhleb.
  2489 | D:3      | Reached skill level 1 in Stealth
  2589 | D:3      | Found a runed door.
  2590 | D:3      | Noticed a human
  2893 | D:3      | Reached *** piety under Lugonu
  3346 | D:4      | Found a shattered altar of Ashenzari.
  3347 | D:4      | Noticed a sky beast
  3369 | D:4      | Slain by a sky beast

Skill      XL: |  1  2  3  4  5 |
---------------+----------------+-----
Polearms       | 2 |  2.8
Dodging        | 1 2 |  2.4
Armour         | 2 |  2.4
Fighting       | 4 |  4.2
Stealth        | 1 |  1.4
Invocations    | |  2.8

Action                   |  1- 3 |  4- 6 || total
-------------------------+-------+-------++-------
Melee: Spear             |   152 |   199 ||   351
       Headbutt          |     5 |    23 ||    28
Invok: Depart the Abyss  |     1 |       ||     1
  Use: Potion            |     2 |     1 ||     3
       Scroll            |     5 |       ||     5
 Stab: Sleeping          |       |     2 ||     2
       Distracted        |       |     1 ||     1
  Eat: Chunk             |     2 |     7 ||     9
Armor: Leather armour    |    44 |    51 ||    95
Dodge: Dodged            |    73 |    78 ||   151
